[Event "Team 45 45 League T54"]
[Site "Internet Chess Club"]
[Date "2012.09.16"]
[Round "5"]
[White "Fezzik"]
[Black "Greedy-Reedy"]
[Result "1-0"]
[WhiteElo "2198"]
[BlackElo "1956"]
[Opening "King's Indian: orthodox variation"]
[ECO "E94"]
[Time "03:02:35"]
[TimeControl "2700+45"]

1. Nf3 Nf6 2. c4 g6 3. Nc3 Bg7 4. e4 O-O 5. d4 d6 6. Be2 e5 7. O-O Na6 8. Be3
Ng4 9. Bg5 Qe8 10. dxe5 dxe5 11. h3 h6 12. Bd2 Nf6 13. Be3 Qe7 14. a3 c6 15. b4
Nh5 16. Re1 Nf4 17. Bf1 Rd8 18. Qc2 Ne6 19. Rad1 Nd4 20. Bxd4 exd4 21. Ne2 c5
22. b5 Nc7 23. Nf4 b6 24. Nd5 Qd7 25. Bd3 Bb7 26. Qd2 Ne6 27. Nh2 g5 28. Ng4
Bxd5 29. cxd5 Nf4 30. Bc4 h5 31. Nh2 Be5 32. Nf3 Nxh3+ 33. Kf1 Bf4 34. Qd3 Nxf2
35. Kxf2 Qg4 36. e5 Qg3+ 37. Kf1 g4 38. Nxd4 cxd4 39. Qxd4 Qh2 40. Qe4 Re8 41.
e6 fxe6 42. Qg6+ Kh8 43. Qf6+ Kg8 44. dxe6 Rac8 45. e7+ Rxc4 46. Qg6+ Kh8 47.
Qxe8+ Kh7 48. Qf7+ Kh6 49. Re6+ Kg5 50. Qf6# {Black checkmated} 1-0

[Event "Team 45 45 League T54"]
[Site "Internet Chess Club"]
[Date "2012.09.16"]
[Round "5"]
[White "achessman"]
[Black "siddhu"]
[Result "0-1"]
[WhiteElo "1927"]
[BlackElo "1891"]
[Opening "Ruy Lopez: open, Italian variation"]
[ECO "C82"]
[Time "06:39:19"]
[TimeControl "2700+45"]

1. e4 e5 2. Nf3 Nc6 3. Bb5 a6 4. Ba4 Nf6 5. O-O Nxe4 6. d4 b5 7. Bb3 d5 8. dxe5
Be6 9. c3 Bc5 10. Qe2 O-O 11. Nbd2 Nxd2 12. Bxd2 Bg4 13. Rfe1 Re8 14. Bf4 Ne7
15. h3 Bh5 16. g4 Bg6 17. Rad1 c6 18. Bc2 a5 19. Nd4 Bxc2 20. Qxc2 Ng6 21. Bg3
Qb6 22. f4 b4 23. Kg2 a4 24. f5 Nf8 25. Re2 Nd7 26. Qd2 Bxd4 27. cxd4 b3 28. a3
Qb7 29. Rc1 Qa6 30. Rf2 Rac8 31. f6 gxf6 32. exf6 Kh8 33. Qg5 Rg8 34. Qh5 Rg6
35. g5 Re8 36. Qg4 Nf8 37. h4 Ne6 38. Rf5 Reg8 39. Rd1 Qc4 40. Be5 c5 41. Rff1
Nxg5 42. Rc1 Qa6 43. Kh1 Ne4 44. Qh5 Qe6 45. Rf5 Ng3+ 46. Bxg3 Rxg3 {White
resigns} 0-1

[Event "Team 45 45 League T54"]
[Site "Internet Chess Club"]
[Date "2012.09.17"]
[Round "5"]
[White "misuc56"]
[Black "beitmery"]
[Result "1-0"]
[WhiteElo "1941"]
[BlackElo "1748"]
[Opening "Benoni defense"]
[ECO "A56"]
[Time "15:14:13"]
[TimeControl "2700+45"]

1. d4 Nf6 2. c4 c5 3. e3 d6 4. Nc3 cxd4 5. exd4 g6 6. h3 Bg7 7. Nf3 O-O 8. Be2
d5 9. c5 Nc6 10. Be3 Re8 11. O-O Ne4 12. a3 Nxc3 13. bxc3 e5 14. Bb5 e4 15. Nh2
a6 16. Be2 Be6 17. Rb1 Qd7 18. Kh1 Na7 19. a4 Nc6 20. Rg1 Ne7 21. Qb3 Nf5 22.
Bg4 Nxe3 23. Bxe6 fxe6 24. fxe3 Rab8 25. a5 e5 26. Rgf1 exd4 27. cxd4 Bh6 28.
Ng4 Bg7 29. Nf6+ Bxf6 30. Rxf6 Rf8 31. Rd6 Qe7 32. Qxd5+ Kh8 33. Re6 Qh4 34.
Qxe4 Qf2 35. Qe5+ Kg8 36. Re7 Qc2 37. Qg7# {Black checkmated} 1-0

[Event "Team 45 45 League T54"]
[Site "Internet Chess Club"]
[Date "2012.09.15"]
[Round "5"]
[White "TerryMalloy"]
[Black "jjmolina"]
[Result "1-0"]
[WhiteElo "1959"]
[BlackElo "1831"]
[Opening "Evans gambit: 5...Be7"]
[ECO "C51"]
[Time "09:10:49"]
[TimeControl "2700+45"]

1. e4 e5 2. Nf3 Nc6 3. Bc4 Bc5 4. b4 Bxb4 5. c3 Be7 6. d4 exd4 7. Qb3 dxc3 8.
Bxf7+ Kf8 9. Nxc3 Nf6 10. e5 Ng4 11. Bh5 Ngxe5 12. Nxe5 Nxe5 13. f4 Ng6 14. O-O
Bc5+ 15. Kh1 Qh4 16. Qd5 d6 17. Bb2 c6 18. Qf3 Qf6 19. Rab1 Bf5 20. Ne4 Qf7 21.
Ng5 Qd5 22. Qxd5 cxd5 23. Rbd1 b6 24. Rxd5 Ne7 25. Rdd1 h6 26. Nf7 Bg4 27. Bxg4
Kxf7 28. Bh5+ Kg8 29. f5 Nc6 30. Bf3 Rc8 31. Bd5+ Kf8 32. f6 g5 33. Be6 Rc7 34.
g4 a6 35. Kg2 h5 36. Rd5 Nd8 37. f7 Nxe6 38. Bxh8 Rxf7 39. Rxf7+ Kxf7 40. Rf5+
Kg8 41. Bf6 hxg4 42. Bxg5 Nd4 43. Rf4 d5 44. Rxg4 Kf7 45. Be3 Nc6 46. Bxc5 bxc5
47. Kf2 c4 48. Ke3 Kf6 49. h4 Ne7 50. Kd4 Nf5+ 51. Kc3 Ke5 52. h5 d4+ 53. Kd2
{Black forfeits on time} 1-0

[Event "Team 45 45 League T54"]
[Site "Internet Chess Club"]
[Date "2012.09.17"]
[Round "5"]
[White "bgolev"]
[Black "KW-Winner"]
[Result "1/2-1/2"]
[WhiteElo "1776"]
[BlackElo "1883"]
[Opening "Queen's pawn game"]
[ECO "D02"]
[Time "16:40:52"]
[TimeControl "2700+45"]

1. Nf3 d5 2. d4 Bf5 3. c4 e6 4. Nc3 c6 5. Bf4 Bd6 6. Bg3 Nf6 7. e3 O-O 8. Qb3
Bxg3 9. hxg3 Nbd7 10. Nh4 Be4 11. f3 Bg6 12. Nxg6 hxg6 13. O-O-O b5 14. cxb5
cxb5 15. Bxb5 Rb8 16. Qc2 Qa5 17. Bxd7 Nxd7 18. Qa4 Qc7 19. Rd2 Nb6 20. Qa5 Qxg3
21. b3 Rfc8 22. Rc2 Rc7 23. Qa6 Rbc8 24. Qd3 a5 25. Kb1 a4 26. Rhc1 axb3 27.
axb3 Qd6 28. Nb5 Rxc2 29. Rxc2 Qb4 30. Rxc8+ Nxc8 31. Qc3 Qxb5 32. Qxc8+ Kh7 33.
Qc2 {Game drawn by mutual agreement} 1/2-1/2

[Event "Team 45 45 League T54"]
[Site "Internet Chess Club"]
[Date "2012.09.16"]
[Round "5"]
[White "lasker25"]
[Black "jjmolina"]
[Result "1/2-1/2"]
[WhiteElo "1916"]
[BlackElo "1835"]
[Opening "KGA: Hanstein gambit"]
[ECO "C38"]
[Time "14:00:31"]
[TimeControl "2700+45"]

1. e4 e5 2. f4 exf4 3. Nf3 g5 4. Bc4 Bg7 5. O-O d6 6. d4 h6 7. c3 Nc6 8. h4 Qe7
9. Qb3 Nd8 10. Nbd2 c6 11. a4 Be6 12. d5 Bd7 13. e5 dxe5 14. Ne4 cxd5 15. Bxd5
Nf6 16. Re1 Nxe4 17. Rxe4 f5 18. Re1 Qc5+ 19. Kh1 e4 20. Nd4 Bxd4 21. cxd4 Qxd4
22. Rd1 Qf6 23. Bd2 Qg6 24. Qc3 Rh7 25. Qe5+ Be6 26. Ba5 Re7 27. Qh8+ Qg8 28.
Qxg8+ Bxg8 29. Bxg8 gxh4 {Game drawn by mutual agreement} 1/2-1/2

[Event "Team 45 45 League T54"]
[Site "Internet Chess Club"]
[Date "2012.09.16"]
[Round "5"]
[White "amicusUK"]
[Black "doublepar"]
[Result "1-0"]
[WhiteElo "1632"]
[BlackElo "1591"]
[Opening "Queen's pawn game, Rubinstein (Colle-Zukertort) variation"]
[ECO "A45"]
[Time "09:00:51"]
[TimeControl "2700+45"]

1. d4 Nf6 2. e3 e6 3. Bd3 d5 4. Nf3 c5 5. b3 Nc6 6. a3 Be7 7. Nbd2 O-O 8. Bb2
cxd4 9. exd4 Qc7 10. Ne5 Nxe5 11. dxe5 Nd7 12. f4 Nc5 13. Rc1 Qb6 14. Nf3 Bd7
15. b4 Nxd3+ 16. Qxd3 Bb5 17. Qd4 Qc7 18. g4 a5 19. f5 axb4 20. f6 gxf6 21. exf6
Bd6 22. Qf2 bxa3 23. Ba1 Bb4+ 24. c3 Qf4 25. Nd2 Qxf2+ 26. Kxf2 Bd6 27. c4 dxc4
28. Nxc4 Bc5+ 29. Kg3 Ra4 30. Ne5 Bd6 31. Rhd1 Bxe5+ 32. Bxe5 Kh8 33. Rc7 Bc6
34. Rxf7 Rfa8 35. Rf8+ Rxf8 36. f7# {Black checkmated} 1-0

[Event "Team 45 45 League T54"]
[Site "Internet Chess Club"]
[Date "2012.09.14"]
[Round "5"]
[White "SaltofLife"]
[Black "seikster"]
[Result "0-1"]
[WhiteElo "1881"]
[BlackElo "1842"]
[Opening "Queen's pawn"]
[ECO "A40"]
[Time "15:00:55"]
[TimeControl "2700+45"]

1. d4 e6 2. Nf3 Nf6 3. c3 b6 4. Bg5 Be7 5. Nbd2 Bb7 6. e3 d6 7. Bd3 Nbd7 8. O-O
h6 9. Bh4 O-O 10. Qe2 c5 11. h3 cxd4 12. cxd4 Rc8 13. Bg3 Nb8 14. Rad1 Nc6 15.
e4 Nb4 16. a3 Nxd3 17. Qxd3 Qc7 18. Rc1 Qxc1 19. Rxc1 Rxc1+ 20. Kh2 Rfc8 21. e5
dxe5 22. Nxe5 Rd1 23. Nec4 Ne4 24. Qe2 Nxd2 25. Nxd2 Rcc1 26. Be5 Bh4 {White
resigns} 0-1

[Event "Team 45 45 League T54"]
[Site "Internet Chess Club"]
[Date "2012.09.14"]
[Round "5"]
[White "ddlj81"]
[Black "wildkingdumb2"]
[Result "1/2-1/2"]
[WhiteElo "1814"]
[BlackElo "1723"]
[Opening "Ruy Lopez: Berlin defense, Beverwijk variation"]
[ECO "C64"]
[Time "21:02:50"]
[TimeControl "2700+45"]

1. e4 e5 2. Nf3 Nc6 3. Bb5 Bc5 4. O-O Nf6 5. Nxe5 Nxe5 6. d4 a6 7. Ba4 b5 8. Bb3
Bxd4 9. Qxd4 Nc6 10. Qc5 Qe7 11. Qxe7+ Nxe7 12. Bg5 d6 13. Nd2 Be6 14. Rfe1 Ng6
15. a4 O-O 16. f4 Bxb3 17. Nxb3 Nd7 18. f5 Nge5 19. axb5 axb5 20. Nd4 c6 21. Be7
Rfe8 22. Bxd6 Nc4 23. Ba3 Nde5 24. Nf3 Ng4 25. c3 Nge3 26. Nd4 Rxe4 27. Nxc6
Ree8 28. Nd4 h6 29. Nxb5 Nc2 30. Rxe8+ Rxe8 31. Rc1 N2xa3 32. Nxa3 Nxb2 33. c4
Nd3 34. Rd1 Ne5 35. c5 Rc8 36. Rd5 Ng4 37. Nc4 Nf6 38. Nb6 Rc6 39. Re5 Ng4 40.
Re8+ Kh7 41. Rc8 Rf6 42. c6 Rxf5 43. c7 Rc5 44. g3 Kg6 45. Na8 Rc1+ 46. Kg2 Ne3+
47. Kf3 Nd5 48. Ke4 Ne7 49. Re8 Kf6 50. Kd3 Ke6 51. Kd2 Rc6 52. Rb8 Kd7 53. Rd8+
Ke6 {Game drawn by mutual agreement} 1/2-1/2

[Event "Team 45 45 League T54"]
[Site "Internet Chess Club"]
[Date "2012.09.15"]
[Round "5"]
[White "prapad"]
[Black "Whalen"]
[Result "1-0"]
[WhiteElo "1576"]
[BlackElo "1670"]
[Opening "French: exchange variation"]
[ECO "C01"]
[Time "12:00:47"]
[TimeControl "2700+45"]

1. e4 e6 2. d4 d5 3. exd5 exd5 4. Bd3 Bd6 5. Ne2 Ne7 6. O-O O-O 7. c3 Bf5 8. Bf4
Bxd3 9. Qxd3 Re8 10. Bxd6 Qxd6 11. Nd2 Nd7 12. Ng3 c5 13. Nf3 cxd4 14. Nxd4 Qb6
15. a4 a6 16. Rfe1 Nf6 17. Re2 Ng6 18. a5 Qc7 19. Rae1 Rxe2 20. Qxe2 Kf8 21. Qc2
Qxa5 22. Ngf5 Qc7 23. Qa4 Ne4 24. Qb4+ Kg8 25. f3 Nc5 26. Qa3 Qb6 27. b4 Ne6 28.
Qa4 Rd8 29. Kh1 h6 30. Qc2 Nxd4 31. Nxd4 Rc8 32. Qf5 Rxc3 33. Qxd5 Qxb4 34. h3
Rd3 35. Re8+ Nf8 36. Re4 Qb1+ 37. Kh2 Rd1 38. Re7 b5 39. Qxf7+ {Black resigns}
1-0

[Event "Team 45 45 League T54"]
[Site "Internet Chess Club"]
[Date "2012.09.15"]
[Round "5"]
[White "kingsleywang"]
[Black "oldsj"]
[Result "1/2-1/2"]
[WhiteElo "1496"]
[BlackElo "1626"]
[Opening "Ruy Lopez: open (Tarrasch) defense"]
[ECO "C80"]
[Time "15:02:02"]
[TimeControl "2700+45"]

1. e4 e5 2. Nf3 Nc6 3. Bb5 a6 4. Ba4 Nf6 5. O-O Nxe4 6. Re1 Nc5 7. Nxe5 Nxe5 8.
Rxe5+ Be7 9. Bb3 Nxb3 10. axb3 d6 11. Re1 Be6 12. Nc3 Qd7 13. d3 O-O 14. Be3 d5
15. Ne2 Bg4 16. h3 Bh5 17. Qd2 Bxe2 18. Qxe2 Bf6 19. Rab1 Rfe8 20. Qd2 Re6 21.
Kf1 Rae8 22. Qc1 Bd4 23. Qd2 Bxe3 24. Rxe3 Rxe3 25. fxe3 Re6 26. Kg1 Rg6 27. Kh1
Rf6 28. Kg1 Qd6 29. Rf1 Rxf1+ 30. Kxf1 Qf6+ 31. Qf2 Qxb2 32. Qf5 Qc1+ 33. Ke2
Qxc2+ 34. Kf3 g6 35. Qxd5 Qd1+ 36. Ke4 Qc2 37. Qd8+ Kg7 38. Qd4+ Kh6 39. Ke5 Qc6
40. Qh4+ Kg7 41. Qe4 Qb5+ 42. Qd5 Qe8+ 43. Kf4 Qc8 44. Qe5+ f6 45. Qe7+ Kh6 46.
Qxf6 c6 47. Qg5+ Kg7 48. Qe7+ Kg8 49. Qf6 Qc7+ 50. Qe5 Qf7+ 51. Ke4 Qxb3 52.
Qe8+ Kg7 53. Qe5+ Kh6 54. Qf4+ Kg7 55. Qe5+ Kh6 56. Qf4+ Kg7 57. Qe5+ {Game
drawn by repetition} 1/2-1/2

[Event "Team 45 45 League T54"]
[Site "Internet Chess Club"]
[Date "2012.09.15"]
[Round "5"]
[White "Tjet"]
[Black "XGG123"]
[Result "1-0"]
[WhiteElo "1449"]
[BlackElo "1368"]
[Opening "English opening"]
[ECO "A20"]
[Time "23:32:02"]
[TimeControl "2700+45"]

1. c4 e5 2. g3 Nf6 3. Bg2 Bc5 4. e3 O-O 5. Ne2 d6 6. O-O Nc6 7. Nbc3 Be6 8. d3
Qc8 9. d4 Bxd4 10. exd4 Bxc4 11. b3 Ba6 12. Be3 exd4 13. Bxd4 Qf5 14. Bxf6 Qxf6
15. Rc1 Rfe8 16. Re1 Rac8 17. Nf4 Ne5 18. Ncd5 Qh6 19. Rxc7 Rxc7 20. Nxc7 Rc8
21. Nxa6 bxa6 22. Nd5 Kf8 23. Nf4 Rc5 24. h3 Qf6 25. Kh2 Qf5 26. Be4 {Black
resigns} 1-0

[Event "Team 45 45 League T54"]
[Site "Internet Chess Club"]
[Date "2012.09.16"]
[Round "5"]
[White "Fogbound"]
[Black "browndeer"]
[Result "0-1"]
[WhiteElo "1248"]
[BlackElo "1448"]
[Opening "King's Indian: London system"]
[ECO "A45"]
[Time "14:00:35"]
[TimeControl "2700+45"]

1. d4 Nf6 2. Bf4 g6 3. Nf3 Bg7 4. e3 c6 5. c3 d5 6. h3 Qb6 7. Qb3 Nbd7 8. Nbd2
a5 9. Qc2 Qd8 10. Be2 b5 11. O-O O-O 12. Ne5 Nxe5 13. Bxe5 Bh6 14. Nf3 Nd7 15.
Bg3 Re8 16. Rad1 Bg7 17. Rc1 Nf6 18. Ne5 Qb6 19. Bf3 Nd7 20. Nd3 f6 21. Nf4 e5
22. Nxg6 hxg6 23. Qxg6 Bb7 24. Bg4 Nf8 25. Qd3 e4 26. Qe2 Qd8 27. Bf5 Qe7 28.
Qg4 Bc8 29. Bxc8 Raxc8 30. Bf4 Qe6 31. Qg3 Qf7 32. Bh6 Qg6 33. Bxg7 Qxg7 34. f4
Qxg3 {White resigns} 0-1

[Event "Team 45 45 League T54"]
[Site "Internet Chess Club"]
[Date "2012.09.13"]
[Round "5"]
[White "drsigmund1"]
[Black "BrerRabbit"]
[Result "1/2-1/2"]
[WhiteElo "1580"]
[BlackElo "1477"]
[Opening "Queen's pawn: London system"]
[ECO "A45"]
[Time "19:16:26"]
[TimeControl "2700+45"]

1. d4 Nf6 2. Bf4 g6 3. e3 Bg7 4. Nf3 d6 5. Be2 O-O 6. O-O Nh5 7. Bg5 h6 8. Bh4
Bf5 9. Nfd2 Nf6 10. c4 c5 11. Bf3 Nc6 12. d5 Ne5 13. Be2 Qb6 14. Nb3 Qc7 15. Nc3
b6 16. Nc1 g5 17. Bg3 Ne4 18. Nxe4 Bxe4 19. f3 Bg6 20. e4 a6 21. Rb1 Qd7 22. Nd3
Nxd3 23. Bxd3 b5 24. b3 b4 25. h4 Bd4+ 26. Kh1 f6 27. e5 Bxd3 28. e6 Qe8 29.
Qxd3 Kg7 30. Qf5 Qg6 31. Qxg6+ Kxg6 32. f4 a5 33. Rf3 g4 34. Rd3 Bc3 35. Be1
Bxe1 36. Rxe1 Kf5 37. g3 h5 38. Ra1 Ra7 39. a4 Ke4 40. Rdd1 Kf5 41. Kg2 Raa8 42.
Re1 Rab8 43. Ra2 Rbc8 44. Rf2 Rcd8 {Game drawn by mutual agreement} 1/2-1/2

[Event "Team 45 45 League T54"]
[Site "Internet Chess Club"]
[Date "2012.09.17"]
[Round "5"]
[White "matthewc"]
[Black "nosir"]
[Result "0-1"]
[WhiteElo "1375"]
[BlackElo "1522"]
[Opening "English: Caro-Kann defensive system"]
[ECO "A11"]
[Time "19:07:05"]
[TimeControl "2700+45"]

1. c4 c6 2. Nc3 Nf6 3. d3 d5 4. cxd5 cxd5 5. e3 Bf5 6. Bd2 e6 7. Rc1 Nbd7 8. g3
Be7 9. Nf3 h6 10. Be2 a6 11. O-O O-O 12. Kg2 Nc5 13. d4 Nce4 14. Ne5 Rc8 15. g4
Bh7 16. h3 Nxd2 17. Qxd2 Ne4 18. Nxe4 Bxe4+ 19. Bf3 Bh7 20. a3 Bh4 21. Rxc8 Qxc8
22. Qc3 f6 23. Qxc8 Rxc8 24. Nd7 Rc2 25. b4 Bd3 26. Rd1 Rxf2+ 27. Kh1 Bb5 28.
Nc5 Rxf3 29. Nxb7 Rxe3 30. Nc5 Rxh3+ 31. Kg2 Rxa3 32. Nxe6 Rb3 33. Nf4 Rxb4 34.
Nxd5 Bc6 35. Kh3 Bxd5 36. Kxh4 a5 37. Ra1 a4 38. Kg3 Rxd4 39. Kf2 Rxg4 40. Rd1
Rg2+ 41. Ke3 Bb3 42. Kf3 Bxd1+ 43. Kxg2 a3 44. Kf2 a2 45. Ke1 Ba4 46. Kd2 a1=Q
47. Kd3 Qe5 48. Kc4 Kf7 49. Kb4 Bd7 50. Kc4 Be6+ 51. Kb4 Qd4+ 52. Ka5 Qb2 53.
Ka6 Bc8+ 54. Ka5 Bd7 55. Ka6 Qb5+ 56. Ka7 Bc8 {White resigns} 0-1

[Event "Team 45 45 League T54"]
[Site "Internet Chess Club"]
[Date "2012.09.16"]
[Round "5"]
[White "dscvdchk"]
[Black "PsyMar"]
[Result "1-0"]
[WhiteElo "1527"]
[BlackElo "1327"]
[Opening "King's Indian: orthodox, Aronin-Taimanov, bayonet attack"]
[ECO "E97"]
[Time "11:01:47"]
[TimeControl "2700+45"]

1. Nf3 Nf6 2. c4 g6 3. Nc3 Bg7 4. d4 O-O 5. e4 d6 6. Be2 e5 7. O-O Nc6 8. d5 Ne7
9. b4 Nh5 10. g3 f5 11. Ng5 Nf6 12. f3 c6 13. Be3 h6 14. Ne6 Bxe6 15. dxe6 f4
16. Bf2 fxg3 17. hxg3 g5 18. Rc1 Ng6 19. Kg2 Qe7 20. c5 Qxe6 21. Qxd6 Qf7 22.
Qd1 Kh7 23. Qc2 h5 24. Rh1 Bh6 25. Nd1 g4 26. Ne3 gxf3+ 27. Bxf3 Ng4 28. Bxg4
hxg4 29. Nf5 Qf6 30. Rxh6+ Kg8 31. Qc4+ {Black resigns} 1-0

[Event "Team 45 45 League T54"]
[Site "Internet Chess Club"]
[Date "2012.09.16"]
[Round "5"]
[White "MeansToAnEnd"]
[Black "lawth3"]
[Result "0-1"]
[WhiteElo "1441"]
[BlackElo "1252"]
[Opening "Nimzo-Indian: three knights variation"]
[ECO "E21"]
[Time "12:01:25"]
[TimeControl "2700+45"]

1. d4 Nf6 2. c4 e6 3. Nf3 Bb4+ 4. Nc3 Bxc3+ 5. bxc3 O-O 6. Bg5 d6 7. e3 b6 8.
Bd3 h6 9. Bxf6 Qxf6 10. O-O Bb7 11. Be2 Nd7 12. Qa4 Rfd8 13. Rab1 e5 14. Rb5 Bc6
15. Rfb1 a6 16. dxe5 dxe5 17. Qb4 axb5 18. cxb5 Bb7 19. Qc4 Nc5 20. Qg4 Qg6 21.
Nxe5 Qxb1+ 22. Bf1 Rd1 {White resigns} 0-1

[Event "Team 45 45 League T54"]
[Site "Internet Chess Club"]
[Date "2012.09.14"]
[Round "5"]
[White "palm47"]
[Black "rahulr"]
[Result "1-0"]
[WhiteElo "1492"]
[BlackElo "1479"]
[Opening "Alekhine's defense: modern variation"]
[ECO "B04"]
[Time "21:01:42"]
[TimeControl "2700+45"]

1. e4 Nf6 2. e5 Nd5 3. d4 d6 4. Nf3 Bf5 5. Bd3 e6 6. Bg5 Qd7 7. Bxf5 exf5 8. O-O
h6 9. Bd2 Nc6 10. exd6 Bxd6 11. c4 Nf6 12. Nc3 O-O-O 13. Qa4 Ne4 14. d5 Nxd2 15.
Nxd2 Ne5 16. Qxa7 c6 17. Na4 Qe7 18. Nb6+ Kc7 19. dxc6 Kxc6 20. Nd5 Qg5 21. Qa4+
Kc5 22. Nb3# {Black checkmated} 1-0

[Event "Team 45 45 League T54"]
[Site "Internet Chess Club"]
[Date "2012.09.17"]
[Round "5"]
[White "Check101"]
[Black "KidRattler"]
[Result "1-0"]
[WhiteElo "1542"]
[BlackElo "1436"]
[Opening "Ruy Lopez: old Steinitz defense"]
[ECO "C62"]
[Time "11:23:09"]
[TimeControl "2700+45"]

1. e4 e5 2. Nf3 Nc6 3. Bb5 d6 4. d4 exd4 5. Nxd4 Bd7 6. Nxc6 bxc6 7. Bc4 Nf6 8.
Nc3 Be7 9. O-O O-O 10. Be3 Qb8 11. b3 c5 12. f4 Ng4 13. Bxc5 c6 14. Bd4 d5 15.
exd5 Bg5 16. dxc6 Bc8 17. h3 Bh4 18. hxg4 Re8 19. Qf3 Rd8 20. Rad1 g5 21. fxg5
Be6 22. Bxe6 fxe6 23. Qf7# {Black checkmated} 1-0

[Event "Team 45 45 League T54"]
[Site "Internet Chess Club"]
[Date "2012.09.14"]
[Round "5"]
[White "monkhammer"]
[Black "seattleblues"]
[Result "1-0"]
[WhiteElo "1440"]
[BlackElo "1317"]
[Opening "Scandinavian: Marshall variation"]
[ECO "B01"]
[Time "21:30:32"]
[TimeControl "2700+45"]

1. e4 d5 2. exd5 Nf6 3. d4 Nxd5 4. c4 Nf6 5. Nc3 Bf5 6. Nf3 e6 7. Bd3 Bxd3 8.
Qxd3 Nbd7 9. Bf4 c5 10. Nb5 Qa5+ 11. Qc3 Qxc3+ 12. bxc3 Rc8 13. Nxa7 Ra8 14. Nb5
Kd8 15. O-O Nb6 16. Bc7+ {Black resigns} 1-0

[Event "Team 45 45 League T54"]
[Site "Internet Chess Club"]
[Date "2012.09.16"]
[Round "5"]
[White "sockmonkey"]
[Black "kingsrook"]
[Result "1-0"]
[WhiteElo "1447"]
[BlackElo "1299"]
[Opening "QGD Slav/Grünfeld: Schlechter variation"]
[ECO "D11"]
[Time "14:00:33"]
[TimeControl "2700+45"]

1. d4 d5 2. c4 c6 3. Nf3 g6 4. Nc3 Nf6 5. Bf4 Bg7 6. e3 Bf5 7. Qb3 Qb6 8. cxd5
Qxb3 9. axb3 cxd5 10. Nb5 O-O 11. Nc7 Nc6 12. Nxa8 Rxa8 13. Bb5 Nb4 14. Kd2 Ne4+
15. Ke2 a6 16. Rhc1 Nd6 17. Bxd6 exd6 18. Ne1 Bf6 19. Bd3 Nxd3 20. Nxd3 Re8 21.
Kd2 Re7 22. Nf4 Re8 23. Nxd5 Bg7 24. b4 Be4 25. Nc3 {Black forfeits on time} 1-0

[Event "Team 45 45 League T54"]
[Site "Internet Chess Club"]
[Date "2012.09.13"]
[Round "5"]
[White "nursey"]
[Black "siddhu"]
[Result "0-1"]
[WhiteElo "1620"]
[BlackElo "1872"]
[Opening "Ruy Lopez: open, Italian variation"]
[ECO "C82"]
[Time "15:35:22"]
[TimeControl "2700+45"]

1. e4 e5 2. Nf3 Nc6 3. Bb5 a6 4. Ba4 Nf6 5. O-O Nxe4 6. d4 b5 7. Bb3 d5 8. dxe5
Be6 9. c3 Bc5 10. a4 b4 11. cxb4 Bxb4 12. Nbd2 Nc5 13. Bc2 Bg4 14. h3 Bh5 15.
Re1 O-O 16. g4 Bg6 17. Bxg6 hxg6 18. b3 Nd3 19. Re3 Nf4 20. h4 Bc5 21. Rc3 Qe7
22. Nf1 Ne6 23. Qxd5 Ncd4 24. Nxd4 Bxd4 25. Bg5 Nxg5 26. Qxd4 Nf3+ 27. Rxf3 Qxh4
28. Rd1 Rad8 29. Rxf7 Rxd4 30. Rxf8+ Kxf8 31. Rxd4 Qg5 32. Re4 Qc1 33. f4 Qd1
34. b4 Qxg4+ 35. Kf2 Qd7 36. a5 Qd3 37. Re1 g5 38. Re3 Qc2+ 39. Re2 Qf5 40. b5
axb5 41. a6 Qxf4+ 42. Ke1 Qc1+ 43. Kf2 Qa1 44. Rc2 Qxa6 45. Ke3 Qb6+ 46. Kd3 c5
{White resigns} 0-1

[Event "Team 45 45 League T54"]
[Site "Internet Chess Club"]
[Date "2012.09.15"]
[Round "5"]
[White "CzwartyWymiar"]
[Black "oldprez"]
[Result "1-0"]
[WhiteElo "1839"]
[BlackElo "1427"]
[Opening "Pirc: Byrne variation"]
[ECO "B07"]
[Time "09:00:46"]
[TimeControl "2700+45"]

1. e4 d6 2. d4 Nf6 3. Nc3 g6 4. Bg5 Bg7 5. e5 dxe5 6. dxe5 Qxd1+ 7. Rxd1 Ng4 8.
h3 Nxe5 9. Nd5 O-O 10. Nxc7 Bf5 11. Nxa8 Bxc2 12. Rd2 Rc8 13. Nc7 Rxc7 14. Rd8+
Bf8 15. Rxb8 Rd7 16. Be2 Kg7 17. Nf3 Nd3+ 18. Bxd3 Rxd3 19. O-O e6 20. Rxb7 Bc5
21. Ne5 Rd5 22. Nxf7 Kf8 23. Rc1 Ba4 24. Bh6+ Ke8 25. b4 Be7 26. Rxa7 Rd1+ 27.
Rxd1 Bxd1 28. b5 Kxf7 29. Bg5 {Black resigns} 1-0

[Event "Team 45 45 League T54"]
[Site "Internet Chess Club"]
[Date "2012.09.18"]
[Round "5"]
[White "caglar"]
[Black "Cicero"]
[Result "1-0"]
[WhiteElo "1458"]
[BlackElo "1302"]
[Opening "Sicilian: Smith-Morra gambit"]
[ECO "B21"]
[Time "14:03:25"]
[TimeControl "2700+45"]

1. e4 c5 2. d4 Nc6 3. d5 Ne5 4. Nf3 d6 5. Nxe5 dxe5 6. Be3 e6 7. c4 Nf6 8. Nc3
Be7 9. Be2 O-O 10. O-O Bd7 11. d6 Bc6 12. dxe7 Qxe7 13. Qc2 a6 14. Rad1 b5 15.
cxb5 axb5 16. Bxb5 Bb7 17. Bg5 h6 18. Rd7 Qxd7 19. Bxd7 Nxd7 20. Rd1 Bc6 21. Be3
f5 22. exf5 exf5 23. Rd6 Rf6 24. Rxf6 Nxf6 25. Qxf5 Bd7 26. Qxe5 Rd8 27. Qxc5
Be6 28. h3 Rc8 29. Qe5 Rc6 30. Bxh6 Bf7 31. Ne4 Re6 32. Nxf6+ Kh8 33. Qb8+ Be8
34. Bxg7+ Kxg7 35. Nxe8+ Kh6 36. Qf4+ Kh7 37. Qf7+ Kh8 38. Qg7# {Black
checkmated} 1-0

[Event "Team 45 45 League T54"]
[Site "Internet Chess Club"]
[Date "2012.09.16"]
[Round "5"]
[White "jantonio"]
[Black "kllrchris"]
[Result "0-1"]
[WhiteElo "1528"]
[BlackElo "1674"]
[Opening "Réti: King's Indian attack"]
[ECO "A05"]
[Time "18:01:11"]
[TimeControl "2700+45"]

1. Nf3 Nf6 2. g3 g6 3. Bg2 Bg7 4. O-O d6 5. d4 c6 6. c4 Nbd7 7. Nc3 O-O 8. Bf4
Qa5 9. Qa4 Qd8 10. Qc2 Nh5 11. Bd2 e5 12. dxe5 dxe5 13. Rad1 Qc7 14. e4 Re8 15.
Be3 b6 16. b4 Nf8 17. Nd2 Ne6 18. Ne2 Ba6 19. Rfe1 Nf6 20. f3 Rad8 21. Nb3 c5
22. b5 Bb7 23. a4 h6 24. Rxd8 Rxd8 25. Rd1 Rxd1+ 26. Qxd1 Nd4 27. Nexd4 cxd4 28.
Bd2 Qxc4 29. Bf1 Qxa4 30. Qc2 Ne8 31. Bc4 Nd6 32. Bd3 Nxb5 33. Bxb5 Qxb5 34. Qd1
a5 {White forfeits on time} 0-1

[Event "Team 45 45 League T54"]
[Site "Internet Chess Club"]
[Date "2012.09.13"]
[Round "5"]
[White "Undecided"]
[Black "gandre"]
[Result "1-0"]
[WhiteElo "1742"]
[BlackElo "1701"]
[Opening "Queen's pawn: Yusupov-Rubinstein system"]
[ECO "A46"]
[Time "19:01:38"]
[TimeControl "2700+45"]

1. d4 Nf6 2. Nf3 e6 3. e3 b6 4. Bd3 Bb7 5. O-O d5 6. Nbd2 c5 7. b3 Nc6 8. a3 Be7
9. Bb2 O-O 10. c4 cxd4 11. Nxd4 Nxd4 12. Bxd4 dxc4 13. Nxc4 Qd5 14. f3 Rfd8 15.
b4 Rac8 16. Qe2 Nd7 17. Rfd1 Qh5 18. Rac1 Nf6 19. Ne5 Bd6 20. f4 Qxe2 21. Bxe2
Rxc1 22. Rxc1 Rc8 23. Rxc8+ Bxc8 24. Nc6 a5 25. Bxb6 axb4 26. axb4 Nd5 27. Bc5
Bxc5 28. bxc5 Kf8 29. Na7 Ne7 30. Bb5 f6 31. c6 Ke8 32. c7+ Bd7 33. c8=Q+ Nxc8
34. Nxc8 Bxb5 35. Nd6+ Kd7 36. Nxb5 g6 37. g4 h6 38. h4 e5 39. Nc3 exf4 40. exf4
Ke6 41. Kg2 g5 42. hxg5 hxg5 43. f5+ Ke5 44. Kg3 Kd4 45. Na4 Kd5 46. Kf3 Ke5 47.
Ke3 Kd5 48. Nc3+ Ke5 49. Ne4 {Black resigns} 1-0